AoeStats
← kolemy

African Clearing

504941320Analyzed
3v3 RM · 25d ago on Sep 7, 2026· 40m 27s· 6 players
Game mode
Random Map
Map size
Normal (6 player)
Population
200
Speed
Normal
Resources
Standard
Victory
Conquest
Starting age
Dark Age
Ending age
Imperial Age
RankedLock teamsTeams togetherTeam positionsShared explorationLock speedFull tech treeHidden civsTurbo modeCheats
Victory
Defeat
🇲🇽 Romans · Mexico
581
+16
🇬🇹 Vietnamese · Guatemala
541
+18
🇨🇦 Spanish · Canada
528
+18
🇺🇸 Khmer · United States
710
-50
🇺🇸 Italians · United States
512
-15
🇺🇸 Britons · United States
503
-14
edgarggamartgo
4:32 Loom
15:10 Feudal Age
15:56 Double-Bit Axe
15:56 Horse Collar
20:53 Gold Mining
21:08 Stone Mining
24:29 Castle Age
23:02 Scale Mail Armor
24:07 Forging
23:23 Man-at-Arms
24:54 Fletching
26:12 Iron Casting
26:37 Bow Saw
26:52 Heavy Plow
31:58 Wheelbarrow
31:09 Town Watch
31:22 Long Swordsman
32:22 Chain Mail Armor
32:43 Murder Holes
33:25 Squires
32:49 Pikeman
33:53 Ballistics
34:26 Bodkin Arrow
34:45 Masonry
35:14 Scale Barding Armor
35:27 Bloodlines
35:19 Husbandry
36:47 Chain Barding Armor
39:53 Imperial Age
38:09 Ballistas
39:12 Hand Cart
39:01 Town Patrol
39:44 Gold Shaft Mining
Sour
4:03 Loom
14:36 Feudal Age
17:54 Horse Collar
18:07 Double-Bit Axe
22:29 Bloodlines
27:58 Castle Age
29:42 Town Watch
31:03 Masonry
31:17 Ballistics
35:39 Fortified Wall
40:51 Imperial Age
38:13 Fletching
38:34 Forging
38:26 Padded Archer Armor
38:47 Guard Tower
kolemy
13:00 Loom
20:47 Feudal Age
22:13 Double-Bit Axe
23:06 Wheelbarrow
23:18 Town Watch
33:24 Castle Age
34:42 Bow Saw
36:12 Crossbowman
36:47 Horse Collar
39:42 Caravan
Apple (Apps)
15:49 Feudal Age
17:26 Double-Bit Axe
22:52 Horse Collar
24:51 Gold Mining
29:19 Castle Age
27:57 Stone Mining
29:55 Wheelbarrow
35:01 Padded Archer Armor
34:52 Fletching
35:14 Forging
35:09 Scale Mail Armor
35:23 Scale Barding Armor
36:10 Ballistics
36:36 Tusk Swords
38:12 Chain Barding Armor
38:28 Iron Casting
37:50 Bodkin Arrow
38:11 Leather Archer Armor
Nacho
14:48 Feudal Age
17:55 Double-Bit Axe
20:27 Wheelbarrow
26:43 Fishing Lines
29:20 Castle Age
28:30 Gold Mining
28:32 Stone Mining
28:37 Man-at-Arms
29:21 Padded Archer Armor
30:18 Gillnets
30:47 Squires
30:27 Pikeman
31:21 Caravan
33:16 Forging
35:19 Arson
37:12 Silk Road
37:43 Hand Cart
40:33 Ballistics
Jaquavious
17:10 Feudal Age
19:40 Wheelbarrow
19:54 Double-Bit Axe
24:43 Fishing Lines
25:49 Padded Archer Armor
27:30 Gold Mining
29:57 Castle Age
31:38 Bow Saw
33:38 Hand Cart
36:55 Ballistics
36:16 Crossbowman
38:15 Stone Mining
39:07 Murder Holes
Connection lost

Rejoining the realm…

Still unreachable

The connection could not be restored.

Session expired

The server has moved on; the page needs a fresh start.